 Dungeon Crawl Stone Soup version 0.26-a0-812-g31a745ddcd (webtiles) character file.

Game seed: 1256943010548003228

49 kae the Gusty (level 3, -4/17 HPs)
             Began as a Vine Stalker Air Elementalist on Nov 25, 2020.
             Slain by a gnoll
             ... wielding a +0 club
              (5 damage)
             ... on level 2 of the Dungeon.
             The game lasted 00:01:15 (1518 turns).

kae the Gusty (Vine Stalker Air Elementalist)       Turns: 1518, Time: 00:01:15

Health: -4/17      AC:  2    Str: 10    XL:     3   Next: 77%
Magic:  0/8        EV: 12    Int: 16    God:
Gold:   71         SH:  0    Dex: 14    Spells: 1/7 levels left

rFire    . . .     SeeInvis .   (no weapon)
rCold    . . .     Faith    .   (no shield)
rNeg     . . .     Spirit   +   a - +0 robe
rPois    .         Reflect  .   (no helmet)
rElec    .         Harm     .   (no cloak)
rCorr    .         Rampage  .   (no gloves)
MR       .....                  (no boots)
Stlth    ++........             (no amulet)
HPRegen  0.05/turn              (no ring)
MPRegen  0.11/turn              (no ring)

@: no status effects
A: fangs 2, magic shield, antimagic bite, no potion heal 3, rot immunity
a: no special abilities


You were on level 2 of the Dungeon.
You visited 1 branch of the dungeon, and saw 2 of its levels.

You collected 71 gold pieces.

Inventory:

Armour
 a - a +0 robe (worn)
Jewellery
 c - an uncursed amulet of faith {unknown}
Scrolls
 b - 2 scrolls of teleportation {unknown}
 d - a scroll of blinking {unknown}
 g - a scroll of remove curse {unknown}
Potions
 e - a potion of brilliance {unknown}
 f - a potion of heal wounds {unknown}
 h - 2 potions of curing {unknown}


   Skills:
 + Level 0.4 Fighting
 + Level 1.9 Dodging
 - Level 2.4 Stealth
 * Level 2.7 Spellcasting
 * Level 2.0 Conjurations
 * Level 3.4 Air Magic


You had one spell level left.
You knew the following spells:

 Your Spells              Type           Power        Failure   Level
a - Shock                 Conj/Air       ##..         6%          1
b - Static Discharge      Conj/Air       ##......     19%         3
c - Swiftness             Air            ##......     7%          2

Your spell library contained the following spells:

 Spells                   Type           Power        Failure   Level
 Airstrike                Air            ##........   43%         4
 Lightning Bolt           Conj/Air       ##........   86%         5


Dungeon Overview and Level Annotations

Branches:
Dungeon (2/15)

Altars:
Xom

Annotations:
D:2 Terence


Innate Abilities, Weirdness & Mutations

You have extremely sharp teeth.
When hurt, damage is shared between your health and your magic reserves.
Your bite disrupts and absorbs the magic of your enemies.
Potions cannot restore your health.
You are immune to rotting.


Message History

The gnoll is severely wounded.
The gnoll misses you.
You closely miss the gnoll.
The gnoll is severely wounded.
You hit the gnoll. You bite the gnoll, but do no damage.
The gnoll is severely wounded.
The gnoll hits you with a +0 club.
* * * LOW HITPOINT WARNING * * *
Casting: Shock (safe; 6% risk of failure)
Confirm with . or Enter, or press ? or * to list all spells.
You don't have enough magic to cast that spell.
You hit the gnoll. Your bite misses the gnoll.
The gnoll is almost dead.
The gnoll hits you with a +0 club.
* * * LOW HITPOINT WARNING * * *
Casting: Shock (safe; 6% risk of failure)
Confirm with . or Enter, or press ? or * to list all spells.
You don't have enough magic to cast that spell.
The gnoll hits you with a +0 club.
You die...

###### #########################
.....## .....#....#............#.
..##..## ....#.#..#...#..##....'.
#..##..##..#.#.#.gS.#.#.....##.#
##..##..##.#...#@#g.#...##.....##
.....##....#.....#...............
.#########.###.##################
.##### ##.# #.####### .....#
#..###........ #.##.##
#.........####
#.#...###.#########
..#......<.......###
..#...#............#


You could see a gnoll and an adder.

Vanquished Creatures
  An adder (D:2)
  An ooze (D:1)
  A dart slug (D:1)
  5 giant cockroaches (D:1)
  7 goblins
  5 hobgoblins
  3 kobolds
  A frilled lizard (D:1)
  7 rats
31 creatures vanquished.

Notes
Turn   | Place    | Note
-------+----------+-------------------------------------------
     0 | D:1      | kae the Vine Stalker Air Elementalist began the quest for
                  | the Orb.
     0 | D:1      | Reached XP level 1. HP: 9/9 MP: 4/4
   228 | D:1      | Reached XP level 2. HP: 13/13 MP: 4/6
   634 | D:1      | You fall into a shaft and drop 1 floor!
   647 | D:2      | Reached XP level 3. HP: 17/17 MP: 5/7
   752 | D:2      | Learned a level 3 spell: Static Discharge
   755 | D:2      | Learned a level 2 spell: Swiftness
  1290 | D:2      | Found a shimmering altar of Xom.
  1316 | D:2      | Noticed Terence
  1518 | D:2      | Slain by a gnoll

Illustrated notes

Levels and vault maps discovered:
D:1:      psy_arrival_dodecagon, layout_loops_ring, minmay_worlds_worst_comb
D:2:      minmay_thinvault, layout_loops_ring, brannock_xom_greatest_gift,
          led_sif_pool, nrook_loot_triangle, minmay_randomly_rotated_circles,
          uniq_sigmund, uniq_terence, uniq_crazy_yiuf_cottage

Skill      XL: |  1  2  3 |
---------------+----------+-----
Conjurations   | 2 |  2.0
Fighting       | |  0.4
Dodging        | |  1.9
Stealth        | |  2.4
Spellcasting   | |  2.7
Air Magic      | |  3.4

Action                   || total
-------------------------++-------
Melee: Unarmed           ||    53
       Bite              ||    14
 Cast: Shock             ||    58
Armor: Robe              ||     8
Dodge: Dodged            ||    28

Table legend: (Time is in decaauts)
 A = Elapsed time spent in this place.
 B = Non-inter-level travel time spent in this place.
 C = Inter-level travel time spent in this place.
 D = Time resting spent in this place.
 E = Time spent auto-exploring this place.
 F = Levels seen in this place.
 G = Mean time per level.
                   A        B        C        D        E       F      G
               +--------+--------+--------+--------+--------+-----+--------+
         Total |   1518 |   1490 |     28 |     39 |   1252 |   2 |  759.0 |
       Dungeon |   1518 |   1490 |     28 |     39 |   1252 |   2 |  759.0 |
               +--------+--------+--------+--------+--------+-----+--------+

Top non-repeatable levels by time:
     D:1: 1136 daAuts
     D:2: 382 daAuts
